 Dungeon Crawl Stone Soup version 0.26-a0-1060-g086102a3f0 (webtiles) character file.

Game seed: 1898064190222418175

739 streetpizza the Ruffian (level 7, -11/67 HPs)
             Began as a Troll Hunter on Dec 13, 2020.
             Was a Follower of Okawaru.
             Mangled by Duvessa
             ... wielding a +4 short sword of distortion
              (14 damage)
             ... on level 5 of the Dungeon.
             The game lasted 00:08:53 (3198 turns).

streetpizza the Ruffian (Troll Hunter)              Turns: 3198, Time: 00:08:53

Health: -11/67     AC:  6    Str: 21    XL:     7   Next: 46%
Magic:  5/7        EV: 13    Int:  9    God:    Okawaru [*.....]
Gold:   273        SH:  0    Dex: 10    Spells: 6/6 levels left

rFire    . . .     SeeInvis .     - Unarmed
rCold    . . .     Faith    .   (no shield)
rNeg     . . .     Spirit   .   b - +0 robe
rPois    .         Reflect  .   (helmet restricted)
rElec    .         Harm     .   (no cloak)
rCorr    .         Rampage  .   (gloves unavailable)
Will     .....                  (boots unavailable)
Stlth    +++.......             (no amulet)
HPRegen  0.61/turn              (no ring)
MPRegen  0.10/turn              (no ring)

@: heroism, studying Throwing
A: large, unfitting armour, claws 3, regeneration 1, shaggy fur 1, tough skin 3
a: Heroism, Renounce Religion


You were on level 5 of the Dungeon.
You worshipped Okawaru.
Okawaru was aware of your devotion.
You visited 1 branch of the dungeon, and saw 5 of its levels.

You collected 273 gold pieces.

Inventory:

Missiles
 c - 9 large rocks
 d - 2 throwing nets
 k - 23 poisoned darts (quivered)
Armour
 b - a +0 robe (worn)
 i - a +0 kite shield
Jewellery
 l - a cursed ring of teleportation {unknown}
 m - an uncursed amulet of the acrobat {unknown}
Scrolls
 a - 4 scrolls of identify {unknown}
 e - 7 scrolls of enchant armour {unknown}
 h - 3 scrolls of fog {unknown}
 j - 2 scrolls of blinking {unknown}
Potions
 f - a potion of curing {unknown}
 g - a potion of haste {unknown}
 n - 3 potions of lignification {unknown}
Books
 o - a manual of Throwing


   Skills:
 + Level 3.5(8.5) Fighting
 - Level 3.6(8.6) Throwing
 + Level 3.5(8.5) Dodging
 - Level 0.3(5.3) Stealth
 + Level 2.2(7.2) Shields
 + Level 4.6(9.6) Unarmed Combat
 + Level 1.8 Invocations


You had 6 spell levels left.
You didn't know any spells.
Your spell library was empty.

Dungeon Overview and Level Annotations

Branches:
Dungeon (5/15)
 Temple: D:4-7

Altars:
Okawaru
Trog

Shops:
D:4 :*(

Annotations:
D:5 Duvessa, Prince Ribbit


Innate Abilities, Weirdness & Mutations

You are too large for most types of armour.
You have claws for hands.
Your natural rate of healing is unusually fast.
You are covered in fur. (AC +1)
You have extremely tough skin. (AC +3)


Message History

Duvessa barely misses you.
You gain the combat prowess of a mighty hero.
Duvessa hits you but does no damage.
You blink.
You closely miss Duvessa.
Duvessa is moderately wounded.
Duvessa hits you with a +4 short sword of distortion!
Space warps horribly around you!!
You claw Duvessa!
Duvessa is severely wounded.
You barely miss Duvessa.
Duvessa is severely wounded.
Duvessa hits you with a +4 short sword of distortion.
Space warps horribly around you!!
* * * LOW HITPOINT WARNING * * *
You claw Duvessa!
Duvessa is almost dead.
Duvessa hits you with a +4 short sword of distortion!
* * * LOW HITPOINT WARNING * * *
Space warps horribly around you!
You die...

...........#
#..........#
#.......(..#
#..o.......#
#..........#
#..$####...# #####
#...######'########...#
# ........e..........#
........@..........#
...........†.......#
.........>....)....#
..............†.<.<#
.###....##....##...#
########....##...#
#...........#....#
#...........#....#
#...........#....#


You could see Duvessa.

Vanquished Creatures
  A water moccasin (D:4)
  A phantom (D:3)
  An ogre (D:4)
  A scorpion (D:4)
  3 hounds
  A bullfrog skeleton (D:4)
  2 iguanas (D:4)
  Jessica (D:2)
  An orc wizard (D:4)
  2 worker ants
  6 adders
  An ooze (D:4)
  A dart slug (D:2)
  5 orcs
  A ball python (D:5)
  2 giant cockroaches
  6 goblins
  9 hobgoblins
  10 jackals
  6 kobolds
  3 quokkas
  8 bats
  11 frilled lizards
  6 rats
89 creatures vanquished.

Notes
Turn   | Place    | Note
-------+----------+-------------------------------------------
     0 | D:1      | streetpizza the Troll Hunter began the quest for the Orb.
     0 | D:1      | Reached XP level 1. HP: 19/19 MP: 0/0
   137 | D:1      | Reached XP level 2. HP: 28/28 MP: 1/1
   140 | D:1      | Reached skill level 1 in Unarmed Combat
  1093 | D:2      | Reached skill level 2 in Unarmed Combat
  1093 | D:2      | Reached XP level 3. HP: 31/35 MP: 2/2
  1222 | D:2      | Reached XP level 4. HP: 29/42 MP: 3/3
  1358 | D:2      | Noticed Jessica
  1362 | D:2      | Killed Jessica
  1423 | D:2      | Reached skill level 3 in Unarmed Combat
  1574 | D:2      | Reached XP level 5. HP: 47/50 MP: 4/4
  1931 | D:3      | Noticed a phantom
  1979 | D:3      | Killed a phantom
  2318 | D:3      | Reached skill level 1 in Shields
  2401 | D:4      | Reached XP level 6. HP: 59/59 MP: 5/5
  2425 | D:4      | Found an iron altar of Okawaru.
  2436 | D:4      | Became a worshipper of Warmaster Okawaru
  2457 | D:4      | Reached skill level 4 in Unarmed Combat
  2535 | D:4      | Reached skill level 1 in Invocations
  2681 | D:4      | Found a bloodstained altar of Trog.
  2787 | D:4      | Found Ruacaly's Antique Weapon Shoppe.
  2793 | D:4      | Found Wiuwu's General Store.
  2812 | D:4      | Found Rekam's Book Boutique.
  2878 | D:4      | Noticed a water moccasin
  2907 | D:4      | Killed a water moccasin
  2907 | D:4      | Reached * piety under Okawaru
  2908 | D:4      | Reached XP level 7. HP: 42/67 MP: 5/7
  3120 | D:5      | Entered Level 5 of the Dungeon
  3127 | D:5      | Noticed Prince Ribbit
  3180 | D:5      | Noticed Duvessa
  3198 | D:5      | HP: 3/67 [Duvessa/+4 short sword of distortion (7)]
  3198 | D:5      | Mangled by Duvessa

Illustrated notes

Levels and vault maps discovered:
D:1:      saegor_arrival_simple_d, layout_basic
D:2:      layout_loops_ring, minmay_lizard_pond, uniq_jessica
D:3:      layout_basic
D:4:      layout_rooms, lightli_temple_of_fire, overflow_temple_1_default,
          serial_shops, nicolae_shop_behind_doors, shop,
          nicolae_shop_window_shopping, kennysheep_another_room,
          minmay_manual_moon
D:5:      gammafunk_cloud_chamber, layout_gridville,
          gammafunk_temple_overflow_pools, enter_ossuary_5, uniq_duvessa,
          uniq_prince_ribbit1

Skill      XL: |  1  2  3  4  5  6 |
---------------+-------------------+-----
Unarmed Combat | 2 3 4 |  4.6
Dodging        | 2 3 |  3.5
Fighting       | 2 3 |  3.5
Shields        | 1 2 |  2.2
Invocations    | 1 |  1.8
Throwing       | |  3.6
Stealth        | |  0.3

Action                   |  1- 3 |  4- 6 |  7- 9 || total
-------------------------+-------+-------+-------++-------
Melee: Unarmed           |    96 |   131 |    54 ||   281
       Punch             |       |       |     1 ||     1
Invok: Heroism           |       |       |     3 ||     3
 Stab: Sleeping          |       |     1 |       ||     1
Armor: Robe              |    54 |    42 |    13 ||   109
Dodge: Dodged            |    49 |    44 |    30 ||   123

Table legend: (Time is in decaauts)
 A = Elapsed time spent in this place.
 B = Non-inter-level travel time spent in this place.
 C = Inter-level travel time spent in this place.
 D = Time resting spent in this place.
 E = Time spent auto-exploring this place.
 F = Levels seen in this place.
 G = Mean time per level.
                   A        B        C        D        E       F      G
               +--------+--------+--------+--------+--------+-----+--------+
         Total |   3180 |   3026 |    154 |      0 |   2374 |   5 |  636.0 |
       Dungeon |   3180 |   3026 |    154 |      0 |   2374 |   5 |  636.0 |
               +--------+--------+--------+--------+--------+-----+--------+

Top non-repeatable levels by time:
     D:1: 1079 daAuts
     D:2: 771 daAuts
     D:4: 717 daAuts
     D:3: 537 daAuts
     D:5: 74 daAuts
